 Dungeon Crawl Stone Soup version 0.28.0-47-ge53b351184 (webtiles) character file.

Game seed: 11699242321917361333

4659 Bruhh the Frost Mage (level 10, -11/74 HPs)
             Began as a Gnoll Ice Elementalist on Apr 30, 2022.
             Was a Follower of Cheibriados.
             Killed from afar by an electric eel (14 damage)
             ... with a bolt of electricity
             ... on level 8 of the Dungeon.
             The game lasted 00:21:08 (10418 turns).

Bruhh the Frost Mage (Gnoll Ice Elementalist)      Turns: 10418, Time: 00:21:19

Health: -11/74     AC: 10    Str: 11    XL:     10   Next: 43%
Magic:  15/21      EV: 19    Int: 22    God:    Cheibriados [*.....]
Gold:   403        SH:  0    Dex: 15    Spells: 11/23 levels left

rFire   . . .      SeeInvis .   G - +2 glaive (vorpal)
rCold   . . .      Faith    .   (shield currently unavailable)
rNeg    . . .      Spirit   .   M - +0 troll leather armour
rPois   .          Reflect  .   (no helmet)
rElec   .          Harm     .   (no cloak)
rCorr   .          Rampage  .   (no gloves)
Will    .....                   m - +0 pair of boots
Stlth   +++.......              (no amulet)
HPRegen 1.02/turn               i - +4 ring of evasion
MPRegen 0.17/turn               J - +4 ring of protection

@: very slow
A: fangs 1, strong nose, distributed training
a: Renounce Religion, Bend Time


You were on level 8 of the Dungeon.
You worshipped Cheibriados.
Cheibriados was aware of your devotion.
You visited 2 branches of the dungeon, and saw 9 of its levels.

You collected 403 gold pieces.

Inventory:

Hand Weapons
 l - a +0 short sword
 p - a +3 vorpal falchion
 G - a +2 vorpal glaive (weapon)
Missiles
 b - 34 poisoned darts
Armour
 a - a +0 robe
 m - a +0 pair of boots (worn)
 n - a +4 ring mail
 H - +0 acid dragon scales
 M - a +0 troll leather armour (worn)
Jewellery
 f - a ring of see invisible
 i - a +4 ring of evasion (left hand)
 t - a ring of flight
 A - a ring of poison resistance
 I - a ring of willpower
 J - a +4 ring of protection (right hand)
Wands
 j - a wand of polymorph (7)
 E - a wand of iceblast (21)
 L - a wand of acid (13)
Scrolls
 c - 5 scrolls of enchant weapon {unknown}
 e - 2 scrolls of amnesia {unknown}
 h - a scroll of magic mapping {unknown}
 k - a scroll of brand weapon {unknown}
 o - 2 scrolls of enchant armour {unknown}
 s - a scroll of fear {unknown}
 x - 3 scrolls of identify {unknown}
 y - a scroll of acquirement {unknown}
 B - a scroll of silence {unknown}
 C - 2 scrolls of blinking {unknown}
 F - 2 scrolls of teleportation {unknown}
 N - a scroll of vulnerability {unknown}
Potions
 d - a potion of berserk rage {unknown}
 g - a potion of degeneration {unknown}
 q - 2 potions of invisibility {unknown}
 r - 3 potions of flight {unknown}
 u - 2 potions of lignification {unknown}
 v - 2 potions of magic {unknown}
 w - a potion of might {unknown}
 z - a potion of mutation {unknown}
 D - 4 potions of heal wounds {unknown}
 K - 2 potions of brilliance {unknown}


   Skills:
 + Level 5.2 Fighting
 + Level 5.2 Short Blades
 + Level 5.2 Long Blades
 + Level 5.2 Axes
 + Level 5.2 Maces & Flails
 + Level 5.2 Polearms
 + Level 5.2 Staves
 + Level 5.2 Slings
 + Level 5.2 Bows
 + Level 5.2 Crossbows
 + Level 5.2 Throwing
 + Level 5.2 Armour
 + Level 7.1 Dodging
 + Level 6.8 Stealth
 + Level 5.2 Shields
 + Level 5.2 Unarmed Combat
 + Level 7.3 Spellcasting
 + Level 4.3 Conjurations
 + Level 4.3 Hexes
 + Level 4.3 Summonings
 + Level 4.3 Necromancy
 + Level 4.3 Translocations
 + Level 4.3 Transmutations
 + Level 4.3 Fire Magic
 + Level 8.4 Ice Magic
 + Level 4.3 Air Magic
 + Level 4.3 Earth Magic
 + Level 4.3 Poison Magic
 + Level 5.8 Invocations
 + Level 5.2 Evocations


You had 11 spell levels left.
You knew the following spells:

 Your Spells              Type           Power      Damage    Failure   Level
a - Freeze                Ice            100%       1d11      1%          1
b - Frozen Ramparts       Ice            90%        1d11      1%          3
c - Ozocubu's Armour      Ice            45%        N/A       1%          3
d - Static Discharge      Conj/Air       27%        N/A       2%          2
e - Lesser Beckoning      Tloc           27%        N/A       4%          3

Your spell library contained the following spells:

 Spells                   Type           Power      Damage    Failure   Level
 Animate Skeleton         Necr           54%        N/A       1%          1
 Pain                     Necr           100%       1d9       1%          1
 Gell's Gravitas          Tloc           27%        N/A       4%          3
 Teleport Other           Tloc           27%        N/A       4%          3
 Vampiric Draining        Necr           27%        2d7       4%          3
 Hailstorm                Conj/Ice       36%        3d9       7%          4
 Dispel Undead            Necr           27%        3d13      17%         4
 Sticky Flame             Conj/Fire      27%        2d5       17%         4
 Dispersal                Tloc           13%        N/A       95%         6


Dungeon Overview and Level Annotations

Branches:
Dungeon (8/15)             Temple (1/1) D:7            Lair (0/6) D:8

Altars:
Ashenzari
Cheibriados
Dithmenos
Elyvilon
Fedhas
Gozag
Hepliaklqana
Kikubaaqudgha
Makhleb
Nemelex Xobeh
Okawaru
Qazlal
Ru
Sif Muna
Trog
Uskayaw
Vehumet
Wu Jian
Xom
Yredelemnul
Zin
The Shining One

Shops:
D:3 :


Innate Abilities, Weirdness & Mutations

You have very sharp teeth.
Your uncanny sense of smell can sniff out nearby items.
Your experience applies equally to all skills.


Message History

Casting: Frozen Ramparts (safe; 1% risk of failure)
Press: ? - help, Dir - look around, f - activate
Okay, then.
Okay, then.
You freeze the electric eel.
The electric eel is lightly wounded.
You freeze the electric eel.
The electric eel is heavily wounded.
The electric eel shoots out a bolt of lightning at you!
The bolt of electricity misses you.
An electric eel comes into view.
You freeze the electric eel.
The electric eel is severely wounded.
The electric eel seems to slow down.
The electric eel shoots out a bolt of lightning at you!
The bolt of electricity hits you. The bolt of electricity misses you.
The electric eel shoots out a bolt of lightning at you!
The bolt of electricity hits you!
The electric eel shoots out a bolt of lightning at you!
The bolt of electricity hits you!
You freeze the electric eel.
The electric eel is severely wounded.
The electric eel is no longer moving slowly.
The electric eel shoots out a bolt of lightning at you!
The bolt of electricity misses you. x2
The electric eel shoots out a bolt of lightning at you!
The bolt of electricity hits you!
The electric eel shoots out a bolt of lightning at you!
The bolt of electricity hits you.
The electric eel shoots out a bolt of lightning at you!
The bolt of electricity hits you!
* * * LOW HITPOINT WARNING * * *
The electric eel shoots out a bolt of lightning at you!
The bolt of electricity hits you!
* * * LOW HITPOINT WARNING * * *
The electric eel shoots out a bolt of lightning at you!
The bolt of electricity misses you.
The electric eel shoots out a bolt of lightning at you!
The bolt of electricity hits you!
You die...

#...# #.#.#...≈≈≈≈≈.≈≈..
..#..##.(..#............>
...#.##.#..#..≈≈≈≈≈≈≈....
...#...>#.##..≈≈≈≈≈≈≈≈≈.≈
...#[..#####...≈≈≈≈≈≈≈≈≈≈
.....#..# #...≈.S.≈≈≈≈≈≈
...####.####.[≈≈≈..≈≈≈≈≈≈
...####.#.....≈...S..≈≈S≈
..........##....@.....≈≈≈
...####..####.#.#####....
...# ##....#...# # ####
####.###.## ..#..# .##.#
...# ..# .#


You could see 3 electric eels.

Vanquished Creatures
  Maggie (D:7)
  A kobold demonologist (D:8)
  A troll (D:8)
  A steam dragon (D:8)
  A water moccasin (D:7)
  Duvessa (D:5)
  A black bear (D:4)
  2 sky beasts (D:6)
  2 orc warriors
  2 ice beasts (D:6)
  2 ogres (D:6)
  2 wolves (D:8)
  2 necrophages (D:7)
  A phantom (D:7)
  A centaur (D:5)
  4 kobold brigands
  A bullfrog (D:8)
  A gnoll sergeant (D:6)
  4 scorpions
  A water moccasin skeleton (D:5)
  A water moccasin zombie (D:3)
  A wyvern skeleton (D:7)
  Dowan (D:5)
  A killer bee (D:8)
  A howler monkey (D:5)
  A bullfrog zombie (D:6)
  3 centaur zombies
  7 hounds
  A bullfrog skeleton (D:6)
  3 orc priests
  3 centaur skeletons (D:7)
  A jelly (D:5)
  2 iguanas
  5 orc wizards
  A howler monkey zombie (D:8)
  9 gnolls
  11 adders
  A shadow imp (D:8)
  2 adder skeletons (D:4)
  A worm (D:3)
  4 dart slugs
  25 orcs
  4 bats
  5 endoplasms
  7 giant cockroaches
  4 goblins
  5 hobgoblins
  10 jackals (D:1)
  26 kobolds
  4 quokkas
  8 ball pythons
  A frilled lizard (D:1)
  7 rats
198 creatures vanquished.

Vanquished Creatures (others)
  3 fungi (D:3)
  3 plants (D:3)
6 creatures vanquished.

Grand Total: 204 creatures vanquished

Notes
Turn   | Place    | Note
-------+----------+-------------------------------------------
     0 | D:1      | Bruhh the Gnoll Ice Elementalist began the quest for the
                  | Orb.
     0 | D:1      | Reached XP level 1. HP: 13/13 MP: 6/6
   112 | D:1      | Reached XP level 2. HP: 12/19 MP: 0/7
   384 | D:1      | Reached XP level 3. HP: 10/25 MP: 0/9
   604 | D:1      | Reached skill level 5 in Spellcasting
   868 | D:1      | Reached skill level 1 in Invocations
  1189 | D:2      | Learned a level 3 spell: Frozen Ramparts
  1193 | D:2      | Learned a level 3 spell: Ozocubu's Armour
  1340 | D:2      | Reached skill level 1 in Fighting
  1340 | D:2      | Reached skill level 1 in Short Blades
  1340 | D:2      | Reached skill level 1 in Long Blades
  1340 | D:2      | Reached skill level 1 in Axes
  1340 | D:2      | Reached skill level 1 in Maces & Flails
  1340 | D:2      | Reached skill level 1 in Polearms
  1340 | D:2      | Reached skill level 1 in Staves
  1340 | D:2      | Reached skill level 1 in Slings
  1340 | D:2      | Reached skill level 1 in Bows
  1340 | D:2      | Reached skill level 1 in Crossbows
  1340 | D:2      | Reached skill level 1 in Throwing
  1340 | D:2      | Reached skill level 1 in Armour
  1340 | D:2      | Reached skill level 1 in Shields
  1340 | D:2      | Reached skill level 1 in Unarmed Combat
  1340 | D:2      | Reached skill level 1 in Evocations
  1341 | D:2      | Reached XP level 4. HP: 27/32 MP: 6/11
  2047 | D:2      | Reached skill level 1 in Conjurations
  2047 | D:2      | Reached skill level 1 in Hexes
  2047 | D:2      | Reached skill level 1 in Summonings
  2047 | D:2      | Reached skill level 1 in Necromancy
  2047 | D:2      | Reached skill level 1 in Translocations
  2047 | D:2      | Reached skill level 1 in Transmutations
  2047 | D:2      | Reached skill level 1 in Fire Magic
  2047 | D:2      | Reached skill level 1 in Air Magic
  2047 | D:2      | Reached skill level 1 in Earth Magic
  2047 | D:2      | Reached skill level 1 in Poison Magic
  2287 | D:3      | Reached XP level 5. HP: 26/37 MP: 1/12
  2378 | D:3      | Found Vubir's Book Emporium.
  3157 | D:3      | Learned a level 2 spell: Static Discharge
  3516 | D:3      | Reached XP level 6. HP: 41/44 MP: 13/13
  3592 | D:3      | Found a faded altar of an unknown god.
  3780 | D:4      | Reached skill level 5 in Dodging
  3811 | D:4      | Reached XP level 7. HP: 8/50 MP: 2/15
  4698 | D:5      | Entered Level 5 of the Dungeon
  4698 | D:5      | Noticed Dowan
  4843 | D:5      | Reached skill level 5 in Stealth
  5091 | D:5      | Noticed Duvessa
  5107 | D:5      | Killed Dowan
  5108 | D:5      | Reached XP level 8. HP: 57/57 MP: 7/16
  5112 | D:5      | Killed Duvessa
  6735 | D:6      | Reached XP level 9. HP: 65/65 MP: 11/18
  7137 | D:6      | HP: 1/65 [/static electricity (3)]
  8087 | D:7      | Reached skill level 8 in Ice Magic
  8523 | D:7      | Noticed Maggie
  8543 | D:7      | Killed Maggie
  8678 | D:7      | Reached skill level 5 in Invocations
  8715 | D:7      | Found a staircase to the Ecumenical Temple.
  8744 | Temple   | Entered the Ecumenical Temple
  9097 | Temple   | Became a worshipper of Cheibriados the Contemplative
  9152 | D:7      | Found a burning altar of Makhleb.
  9778 | D:8      | Noticed a troll
  9779 | D:8      | Found a staircase to the Lair.
  9789 | D:8      | Reached XP level 10. HP: 46/73 MP: 9/20
  9877 | D:8      | Reached * piety under Cheibriados
  9954 | D:8      | Reached skill level 5 in Fighting
  9954 | D:8      | Reached skill level 5 in Short Blades
  9954 | D:8      | Reached skill level 5 in Long Blades
  9954 | D:8      | Reached skill level 5 in Axes
  9954 | D:8      | Reached skill level 5 in Maces & Flails
  9954 | D:8      | Reached skill level 5 in Polearms
  9954 | D:8      | Reached skill level 5 in Staves
  9954 | D:8      | Reached skill level 5 in Slings
  9954 | D:8      | Reached skill level 5 in Bows
  9954 | D:8      | Reached skill level 5 in Crossbows
  9954 | D:8      | Reached skill level 5 in Throwing
  9954 | D:8      | Reached skill level 5 in Armour
  9954 | D:8      | Reached skill level 5 in Shields
  9954 | D:8      | Reached skill level 5 in Unarmed Combat
  9954 | D:8      | Reached skill level 5 in Evocations
 10135 | D:8      | Noticed a kobold demonologist
 10148 | D:8      | Killed a kobold demonologist
 10407 | D:8      | Learned a level 3 spell: Lesser Beckoning
 10418 | D:8      | HP: 3/74 [electric eel/bolt of electricity (11)]
 10418 | D:8      | Killed from afar by an electric eel

Illustrated notes

Levels and vault maps discovered:
D:1:      evilmike_arrival_hilbert_curve, layout_basic
D:2:      layout_basic
D:3:      layout_basic, shapermc_ecumenical_altar_mp_urbaneastern, serial_shops,
          nicolae_shop_statue_plus, corexii_shack
D:4:      layout_cave_pools
D:5:      layout_loops_ring, uniq_duvessa
D:6:      layout_basic
D:7:      layout_rooms, mainiacjoe_overflow_boulevard, temple_green,
          serial_aquarium, aquarium_bridge_square [aquarium_subvault_wall,
          aquarium_subvault_wall, aquarium_subvault_bridge,
          aquarium_subvault_bridge], aquarium_window_3, aquarium_window_corner,
          aquarium_window_1, aquarium_view_2e, aquarium_view_2b,
          aquarium_balcony_double_3, aquarium_pool_2, uniq_maggie
D:8:      layout_rooms, erik_lair_island, hex_medium, minmay_fractal_squares_5
Temple:   mainiacjoe_temple_archimedes_tessellation

Skill      XL: |  1  2  3  4  5  6  7  8  9 10 |
---------------+-------------------------------+-----
Spellcasting   | 5 6 7 |  7.3
Invocations    | 1 2 3 4 5 |  5.8
Fighting       | 1 2 3 4 5 |  5.2
Short Blades   | 1 2 3 4 5 |  5.2
Long Blades    | 1 2 3 4 5 |  5.2
Axes           | 1 2 3 4 5 |  5.2
Maces & Flails | 1 2 3 4 5 |  5.2
Polearms       | 1 2 3 4 5 |  5.2
Staves         | 1 2 3 4 5 |  5.2
Slings         | 1 2 3 4 5 |  5.2
Bows           | 1 2 3 4 5 |  5.2
Crossbows      | 1 2 3 4 5 |  5.2
Throwing       | 1 2 3 4 5 |  5.2
Armour         | 1 2 3 4 5 |  5.2
Shields        | 1 2 3 4 5 |  5.2
Unarmed Combat | 1 2 3 4 5 |  5.2
Evocations     | 1 2 3 4 5 |  5.2
Conjurations   | 1 2 3 4 |  4.3
Hexes          | 1 2 3 4 |  4.3
Summonings     | 1 2 3 4 |  4.3
Necromancy     | 1 2 3 4 |  4.3
Translocations | 1 2 3 4 |  4.3
Transmutations | 1 2 3 4 |  4.3
Fire Magic     | 1 2 3 4 |  4.3
Air Magic      | 1 2 3 4 |  4.3
Earth Magic    | 1 2 3 4 |  4.3
Poison Magic   | 1 2 3 4 |  4.3
Dodging        | 5 6 7 |  7.1
Stealth        | 5 6 |  6.8
Ice Magic      | 8 |  8.4

Action                   |  1- 3 |  4- 6 |  7- 9 | 10-12 || total
-------------------------+-------+-------+-------+-------++-------
Melee: Unarmed           |    20 |    32 |       |       ||    52
       Bite              |     2 |     7 |    11 |     4 ||    24
       Short sword       |       |    29 |     9 |       ||    38
       Falchion          |       |       |    61 |       ||    61
       Glaive            |       |       |    45 |    25 ||    70
       Punch             |       |       |     1 |       ||     1
Throw: Dart              |       |       |     7 |       ||     7
 Cast: Freeze            |    54 |    39 |    68 |    12 ||   173
       Frozen Ramparts   |       |     7 |    19 |     4 ||    30
       Ozocubu's Armour  |       |     8 |    17 |     4 ||    29
       Static Discharge  |       |       |    36 |     4 ||    40
       Lesser Beckoning  |       |       |       |     1 ||     1
 Stab: Sleeping          |     1 |     1 |     2 |     1 ||     5
       Distracted        |       |       |     1 |       ||     1
Armor: Robe              |     7 |    25 |    33 |       ||    65
       Acid dragon scale |       |       |    26 |     2 ||    28
       Troll leather arm |       |       |       |    27 ||    27
Dodge: Dodged            |    29 |    64 |   282 |    60 ||   435
